 Dungeon Crawl Stone Soup version 0.21-a0-79-g04744e2 (console) character file.

808 Duffy the Basher (level 7, -21/60 HPs)
             Began as a Naga Gladiator on June 22, 2017.
             Killed from afar by a lich (51 damage)
             ... with a bolt of cold
             ... on level 1 of the Abyss.
             The game lasted 00:10:39 (6085 turns).

Duffy the Basher (Naga Gladiator)                   Turns: 6085, Time: 00:10:40

Health: -21/60     AC:  8    Str: 18    XL:     7   Next: 92%
Magic:  7/7        EV:  7    Int:  9    God:
Gold:   258        SH:  7    Dex: 12    Spells: 6/6 levels left

rFire    . . .     SeeInvis +   a - +0 flail
rCold    . . .     Gourm    .   H - +0 shield
rNeg     + . .     Faith    .   F - +3 leather armour
rPois    +         Spirit   .   c - +1 helmet
rElec    .         Reflect  .   (no cloak)
rCorr    .         Harm     .   (no gloves)
MR       .....                  (no barding)
Stlth    ..........             (no amulet)
HPRegen  0.20/turn              D - ring of positive energy
MPRegen  0.10/turn              y - ring of loudness (curse)

@: slowed, very slow
A: see invisible, deformed body, poison resistance, slowness 2, slow metabolism
1, spit poison 1, AC +2
a: Spit Poison


You were on level 1 of the Abyss.
You were not hungry.

You visited 1 branch of the dungeon, and saw 5 of its levels.
You visited the Abyss 1 time.

You collected 258 gold pieces.

Inventory:

Hand Weapons
 a - a +0 flail (weapon)
 b - a +0 dagger of venom
Missiles
 d - a throwing net (quivered)
 t - 6 curare-tipped needles
Armour
 c - a +1 helmet (worn)
 g - a +0 ring mail
 o - a +0 leather armour
 v - a +0 leather armour of cold resistance
 z - a +0 scale mail
 F - a +3 leather armour (worn)
 H - a +0 shield (worn)
 I - a +0 large shield
Jewellery
 m - an uncursed ring of protection from cold
 y - a cursed ring of loudness (right hand)
 D - a ring of positive energy (left hand)
Scrolls
 h - a scroll of fear
 k - 2 scrolls of blinking
 l - a scroll of recharging
 p - a scroll of magic mapping {unknown}
 q - a scroll of enchant armour
 u - a scroll of fog {unknown}
 x - a scroll of enchant weapon {unknown}
 A - a scroll of random uselessness {unknown}
 B - a scroll of remove curse {unknown}
 E - a scroll of immolation {unknown}
Potions
 e - a potion of curing
 j - a potion of lignification {unknown}
 n - a potion of flight {unknown}
 r - a potion of agility {unknown}
 s - a potion of mutation
 C - 2 potions of heal wounds
Comestibles
 f - 5 bread rations
 w - 5 meat rations


   Skills:
 - Level 2.0 Fighting
 + Level 9.1 Maces & Flails
 - Level 1.7 Throwing
 - Level 2.4 Dodging


You had 6 spell levels left.
You didn't know any spells.

Dungeon Overview and Level Annotations

Branches:
Dungeon (5/15)
 Temple: D:4-7

Altars:
Fedhas
Nemelex Xobeh
Uskayaw
The Shining One


Innate Abilities, Weirdness & Mutations

You cannot wear boots.
Your serpentine skin is tough. (AC +2)
You have supernaturally acute eyesight. (SInv)
Armour fits poorly on your strangely shaped body.
Your system is resistant to poisons. (rPois)
You cover ground very slowly.
You have a slow metabolism.
You can spit poison.


Message History

The spatial vortex is lightly damaged.
You block the spatial vortex's attack.
You hit the spatial vortex.
The spatial vortex is lightly damaged.
You sock the spatial vortex!
The spatial vortex is moderately damaged.
The spatial vortex hits you. Space warps horribly around you!
A spatial vortex comes into view.
A lich comes into view.
The lich shouts!
The lich casts a spell at you.
You feel yourself slow down.
You eat the royal jelly.
That royal jelly was delicious!
The lich casts a spell at you. The bolt of cold misses you.
The lich touches you. The lich casts a spell at you. The bolt of cold hits you!
Ouch! That really hurt!
You die...

# ### ..
##### #
..#.#..
# ##.#.#
# #L@.#
# #
#.#.# #
#..#.# #
#.###...
# .# ##
## #. ..
# W. . #
#. . .#
. ##. .
#


You could see a lich and a freezing wraith (wandering).

Vanquished Creatures
  A small abomination (Abyss:1)
  Eustachio (D:4)
  A crimson imp (D:3)
  A hound (D:4)
  An iron imp (Abyss:1)
  An orc priest (D:2)
  4 orc wizards
  An iguana (D:4)
  2 worker ants
  Robin (D:2)
  A gnoll (D:1)
  3 adders
  2 oozes
  4 worms
  A dart slug (D:2)
  A leopard gecko (D:4)
  19 orcs
  A ball python (D:1)
  10 bats
  4 giant cockroaches
  19 goblins
  18 hobgoblins
  6 frilled lizards
  11 kobolds
  9 rats
123 creatures vanquished.

Notes
Turn   | Place    | Note
-------+----------+-------------------------------------------
     0 | D:1      | Duffy the Naga Gladiator began the quest for the Orb.
     0 | D:1      | Reached XP level 1. HP: 19/19 MP: 1/1
    67 | D:1      | Reached XP level 2. HP: 3/26 MP: 2/2
    70 | D:1      | HP: 1/26 [goblin/club (2)]
   510 | D:1      | Reached skill level 4 in Maces & Flails
   608 | D:1      | Reached XP level 3. HP: 28/32 MP: 3/3
  1592 | D:2      | Reached XP level 4. HP: 32/39 MP: 4/4
  1896 | D:2      | Noticed Robin
  1906 | D:2      | Killed Robin
  1906 | D:2      | Reached skill level 5 in Maces & Flails
  2395 | D:2      | Reached XP level 5. HP: 22/45 MP: 5/5
  3056 | D:2      | Reached skill level 6 in Maces & Flails
  3316 | D:3      | Found a blossoming altar of Fedhas.
  3316 | D:3      | Found a hide-covered altar of Uskayaw.
  3318 | D:3      | Found a glowing golden altar of the Shining One.
  4225 | D:3      | Reached XP level 6. HP: 48/52 MP: 6/6
  4644 | D:4      | Reached skill level 7 in Maces & Flails
  5095 | D:4      | Noticed Eustachio
  5103 | D:4      | Killed Eustachio
  5103 | D:4      | Reached XP level 7. HP: 53/60 MP: 7/7
  5262 | D:4      | Reached skill level 8 in Maces & Flails
  5470 | D:4      | Found a sparkling altar of Nemelex Xobeh.
  5532 | D:5      | Entered Level 5 of the Dungeon
  5678 | D:5      | Cast into level 1 of the Abyss (orc)
  5793 | Abyss:1  | Noticed a wretched star
  5795 | Abyss:1  | Found a corrupted altar of Lugonu.
  5884 | Abyss:1  | Noticed a small abomination
  5888 | Abyss:1  | Killed a small abomination
  5888 | Abyss:1  | Reached skill level 9 in Maces & Flails
  6043 | Abyss:1  | Noticed a spatial vortex
  6059 | Abyss:1  | Noticed a spatial vortex
  6080 | Abyss:1  | Noticed a lich
  6085 | Abyss:1  | Killed from afar by a lich

Vault maps used:
D:1:      ncdulo_wetmaze
D:2:      uniq_robin
D:3:      minitemple
D:4:      marbit_many_paths, uniq_eustachio
D:5:      slow_altar_1, minmay_temple_entry_enclosed_plants, first_bread,
          serial_shops, nicolae_shop_behind_doors

Skill      XL: |  1  2  3  4  5  6  7 |
---------------+----------------------+-----
Maces & Flails | 4 5 6 7 9 |  9.1
Fighting       | |  2.0
Throwing       | |  1.7
Dodging        | |  2.4

Action                   |  1- 3 |  4- 6 |  7- 9 || total
-------------------------+-------+-------+-------++-------
Melee: Flail             |    66 |   258 |    46 ||   370
Throw: Throwing net      |       |     1 |     1 ||     2
 Abil: Spit Poison       |    28 |    12 |     4 ||    44
  Use: Scroll            |       |     8 |     6 ||    14
 Stab: Held in net/web   |       |     1 |       ||     1
  Eat: Chunk             |     3 |    10 |     2 ||    15
       Royal jelly       |       |       |     1 ||     1
Armor: Leather armour    |    16 |       |    10 ||    26
       Ring mail         |     7 |   104 |       ||   111
       Scale mail        |       |     3 |       ||     3
Dodge: Dodged            |    39 |   113 |    15 ||   167
Block: Shield            |       |       |     8 ||     8
